 Dungeon Crawl Stone Soup version 0.32-a0-799-g95e1662365 (webtiles) character file.

Game seed: 6716752499329346582

226 wilfster70 the Magician (level 6, -4/40 HPs)
             Began as a Djinni Hedge Wizard on Mar 21, 2024.
             Slain by a mummy (12 damage)
             ... in an ossuary.
             The game lasted 00:08:48 (2449 turns).

wilfster70 the Magician (Djinni Hedge Wizard)       Turns: 2449, Time: 00:08:49

Health: -4/40      AC:  3    Str: 12    XL:     6   Next: 22%
Gold:   172        EV: 11    Int: 24    God:
                   SH:  0    Dex: 18

rFire   + + +        a - +2 dagger (speed)
rCold   x . .        (no shield)
rNeg    . . .        b - +0 robe
rPois   ∞            c - +1 hat
rElec   .            (no cloak)
rCorr   .            (no gloves)
SInv    .            (boots unavailable)
Will    .....        (no amulet)
Stlth   ++           m - +6 ring of intelligence
HPRegen 0.26/turn    p - ring "Ankanir" {rF+ Str+3 Dex+6}
MPRegen 0.00/turn

%: infuse magic (-5 HP)
@: flying
A: sickness immunity, fire resistance 2, cold vulnerability 1, float, innate
caster, HP casting, extra vitality 1
a: no special abilities


You were in an ossuary.
You visited 1 branch of the dungeon, and saw 4 of its levels.
You also visited: Ossuary.

You collected 172 gold pieces.

Inventory:

Hand Weapons
 a - a +2 dagger of speed (weapon)
Armour
 b - a +0 robe (worn)
 c - a +1 hat (worn)
 n - a +2 hat
Jewellery
 f - a ring of positive energy
 m - a +6 ring of intelligence (left hand)
 p - the ring "Ankanir" (right hand) {rF+ Str+3 Dex+6}
   (You took it off a goblin on level 2 of the Dungeon)

   [ring of dexterity]

   Str+3:     It affects your strength (+3).
   Dex+6:     It affects your dexterity (+6).
   rF+:       It protects you from fire.
Wands
 o - a wand of polymorph (7)
Scrolls
 e - 3 scrolls of teleportation
 g - a scroll of fear {unknown}
 h - a scroll of butterflies {unknown}
 j - a scroll of enchant armour
 q - a scroll of amnesia {unknown}
Potions
 d - 2 potions of degeneration {unknown}
 i - 2 potions of berserk rage {unknown}
 k - a potion of mutation {unknown}
 l - a potion of cancellation {unknown}


   Skills:
 - Level 2.1 Dodging
 - Level 1.5 Stealth
 + Level 5.4 Spellcasting
 + Level 5.4 Conjurations
 + Level 5.4 Hexes
   Level 0.0 Charms
 + Level 5.4 Summonings
 + Level 5.4 Necromancy
 + Level 5.4 Translocations
   Level 0.0 Transmutations
 + Level 5.4 Fire Magic
 + Level 5.4 Ice Magic
 + Level 5.4 Air Magic
 + Level 5.4 Earth Magic
 + Level 5.4 Alchemy


You knew the following spells:

 Your Spells              Type           Power      Damage    Failure   Level
a - Magic Dart            Conj           100%       1d8       1%          1
b - Call Imp              Summ           64%        N/A       1%          2
c - Blink                 Tloc           64%        N/A       1%          2
d - Slow                  Hex            100%       N/A       1%          1
e - Mephitic Cloud        Conj/Alch/Air  32%        N/A       2%          3
f - Necrotise             Necr           100%       1d9       1%          1
g - Scorch                Fire           64%        2d7       1%          2
Your spell library was empty.

Dungeon Overview and Level Annotations

Branches:
Dungeon (4/15)            Ossuary (1/1)
 Temple: D:4-7

Altars:
Qazlal


Innate Abilities, Weirdness & Mutations

You are immune to sickness and miasma.
You are immune to poison.
Your flesh is very heat resistant. (rF++)
You are vulnerable to cold. (rC-)
You float through the air rather than walking.
You learn spells naturally, not from books.
Your magical power is your life essence.
You have superior vitality. (+4 MHP)


Message History

Casting: Magic Dart (safe; 1% risk of failure)
Confirm with . or Enter, or press ? or * to list all spells.
Aiming: Magic Dart (safe; 1% risk of failure)
Press: ? - help, Shift-Dir - straight line, f/p - scorpion zombie
Aim: a scorpion zombie (almost destroyed, more vulnerable to fire, ally target, 100% to hit)
The magic dart hits the scorpion zombie.
You destroy the scorpion zombie!
The mummy is no longer more vulnerable to fire.
The mummy hits you!
Your cerulean imp hits the mummy with a -1 spear.
Casting: Magic Dart (safe; 1% risk of failure)
Confirm with . or Enter, or press ? or * to list all spells.
Aiming: Magic Dart (safe; 1% risk of failure)
Press: ? - help, Shift-Dir - straight line, f - mummy
Aim: a mummy (100% to hit)
The magic dart hits the mummy.
The mummy is lightly damaged.
Your cerulean imp barely misses the mummy.
Casting: Magic Dart (safe; 1% risk of failure)
Confirm with . or Enter, or press ? or * to list all spells.
Aiming: Magic Dart (safe; 1% risk of failure)
Press: ? - help, Shift-Dir - straight line, f/p - mummy
Aim: a mummy (lightly damaged, 100% to hit)
The magic dart hits the mummy.
The mummy is moderately damaged.
The mummy hits you.
* * * LOW HITPOINT WARNING * * *
The mummy closely misses you.
Your cerulean imp barely misses the mummy.
Casting: Magic Dart (safe; 1% risk of failure)
Confirm with . or Enter, or press ? or * to list all spells.
Aiming: Magic Dart (safe; 1% risk of failure)
Press: ? - help, Shift-Dir - straight line, f/p - mummy
Aim: a mummy (moderately damaged, 100% to hit)
The magic dart hits the mummy.
The mummy is severely damaged.
* * * LOW HITPOINT WARNING * * *
Your cerulean imp hits the mummy with a -1 spear.
The mummy barely misses you. The mummy hits you!
You die...

##+##
#...#
#@M.#
#M..#
#.5.#
#...#
#.....#
#.#.#.#
#######


You could see 2 mummies and a friendly cerulean imp (summoned).

Vanquished Creatures
  A hound (D:4)
  2 iguanas (D:4)
  A scorpion zombie (Ossuary)
  2 adders
  2 ufetubi (D:3)
  A ribbon worm (D:3)
  14 orcs
  2 bats
  3 endoplasms
  A giant cockroach (D:3)
  9 goblins
  6 hobgoblins
  4 jackals (D:1)
  6 quokkas
  8 ball pythons
  4 frilled lizards
  7 kobolds
  6 rats
79 creatures vanquished.

Vanquished Creatures (collateral kills)
  A frilled lizard (D:1)
1 creature vanquished.

Grand Total: 80 creatures vanquished

Notes
Turn   | Place    | Note
-------+----------+-------------------------------------------
     0 | D:1      | wilfster70 the Djinni Hedge Wizard began the quest for the
                  | Orb.
     0 | D:1      | wilfster70 set off with the following spells memorised:
                  | Magic Dart, Slow, Blink, Call Imp, Mephitic Cloud.
     0 | D:1      | Reached XP level 1. HP: 15/15 MP: 0/0
    66 | D:1      | Reached XP level 2. HP: 13/21 MP: 0/0
   169 | D:1      | Found a faded altar of an unknown god.
   316 | D:1      | Reached XP level 3. HP: 12/25 MP: 0/0
   316 | D:1      | Learned a level 1 spell: Necrotise
  1203 | D:2      | Identified the ring "Ankanir" {rF+ Str+3 Dex+6}
  1452 | D:3      | Reached XP level 4. HP: 28/31 MP: 0/0
  1623 | D:3      | Found a stormy altar of Qazlal.
  1694 | D:3      | Reached XP level 5. HP: 16/35 MP: 0/0
  1694 | D:3      | Learned a level 2 spell: Scorch
  1972 | D:4      | Reached skill level 5 in Spellcasting
  1972 | D:4      | Reached skill level 5 in Conjurations
  1972 | D:4      | Reached skill level 5 in Hexes
  1972 | D:4      | Reached skill level 5 in Summonings
  1972 | D:4      | Reached skill level 5 in Necromancy
  1972 | D:4      | Reached skill level 5 in Translocations
  1972 | D:4      | Reached skill level 5 in Fire Magic
  1972 | D:4      | Reached skill level 5 in Ice Magic
  1972 | D:4      | Reached skill level 5 in Air Magic
  1972 | D:4      | Reached skill level 5 in Earth Magic
  1972 | D:4      | Reached skill level 5 in Alchemy
  2303 | D:4      | Reached XP level 6. HP: 15/40 MP: 0/0
  2426 | D:4      | Found a sand-covered staircase.
  2434 | Ossuary  | Entered an ossuary
  2449 | Ossuary  | Slain by a mummy

Illustrated notes

Levels and vault maps discovered:
D:1:      elethiomel_arrival_quiet, layout_rooms,
          ebering_ecumenical_altar_abandoned
D:2:      layout_loops_ring
D:3:      layout_basic, fedhas_altar_3, mainiacjoe_overflow_chevrons,
          moated_statue, hangedman_decor_growths, uniq_terence, uniq_robin
D:4:      layout_loops_corners, nicolae_sif_muna_condensation,
          chequers_ossuary_entry_cave
Ossuary:  ossuary_minmay_chase

Skill      XL: |  1  2  3  4  5 |
---------------+----------------+-----
Spellcasting   | 4 5 |  5.4
Conjurations   | 4 5 |  5.4
Hexes          | 4 5 |  5.4
Summonings     | 4 5 |  5.4
Necromancy     | 4 5 |  5.4
Translocations | 4 5 |  5.4
Fire Magic     | 4 5 |  5.4
Ice Magic      | 4 5 |  5.4
Air Magic      | 4 5 |  5.4
Earth Magic    | 4 5 |  5.4
Alchemy        | 4 5 |  5.4
Dodging        | |  2.1
Stealth        | |  1.5

Action                     |  1- 3 |  4- 6 || total
---------------------------+-------+-------++-------
  Melee: Dagger            |       |    33 ||    33
   Cast: Magic Dart        |    93 |    87 ||   180
         Call Imp          |     1 |     1 ||     2
         Mephitic Cloud    |       |     2 ||     2
         Scorch            |       |     2 ||     2
    Use: Scroll            |     7 |     2 ||     9
         Potion            |       |     2 ||     2
   Stab: Sleeping          |       |     1 ||     1
 Armour: Robe              |    26 |    56 ||    82
  Dodge: Dodged            |    29 |    52 ||    81

Table legend: (Time is in decaauts)
 A = Elapsed time spent in this place.
 B = Non-inter-level travel time spent in this place.
 C = Inter-level travel time spent in this place.
 D = Time resting spent in this place.
 E = Time spent auto-exploring this place.
 F = Levels seen in this place.
 G = Mean time per level.
                   A        B        C        D        E       F      G
               +--------+--------+--------+--------+--------+-----+--------+
         Total |   2436 |   2399 |     37 |    606 |    435 |   5 |  487.2 |
       Dungeon |   2422 |   2385 |     37 |    606 |    435 |   4 |  605.5 |
       Ossuary |     14 |     14 |      0 |      0 |      0 |   1 |   14.0 |
               +--------+--------+--------+--------+--------+-----+--------+

Top non-repeatable levels by time:
     D:1: 774 daAuts
     D:2: 641 daAuts
     D:4: 617 daAuts
     D:3: 389 daAuts
 Ossuary: 14 daAuts
